 Dungeon Crawl Stone Soup version 0.29.1-12-g30fa7ad0bf (webtiles) character file.

Game seed: 17482830641966301951

92 styxcanada the Covert (level 4, -3/23 HPs)
             Began as a Spriggan Brigand on Jan 17, 2023.
             Killed by divine providence
             ... invoked by an orc priest
              (16 damage)
             ... on level 3 of the Dungeon.
             The game lasted 00:09:55 (3042 turns).

styxcanada the Covert (Spriggan Brigand)            Turns: 3042, Time: 00:09:56

Health: -3/23      AC:  3    Str:  7    XL:     4   Next: 35%
Magic:  5/5        EV: 17    Int: 12    God:
Gold:   208        SH:  0    Dex: 18    Spells: 3/3 levels left

rFire   . . .      SeeInvis +   a - +3 dagger
rCold   . . .      Faith    .   (no shield)
rNeg    . . .      Spirit   .   b - +0 robe
rPois   +          Reflect  .   (helmet restricted)
rElec   .          Harm     .   c - +0 cloak
rCorr   .          Rampage  .   (gloves unavailable)
Will    .....                   (boots unavailable)
Stlth   ++++......              (no amulet)
HPRegen 0.07/turn               i - ring of poison resistance
MPRegen 0.09/turn               (no ring)

@: very quick
A: very small, no large weapons, unfitting armour, see invisible, speed 3
a: no special abilities


You were on level 3 of the Dungeon.
You visited 1 branch of the dungeon, and saw 4 of its levels.

You collected 208 gold pieces.

Inventory:

Hand Weapons
 a - a +3 dagger (weapon)
 r - a +0 sling
Missiles
 d - 8 poisoned darts (quivered)
 e - 3 curare-tipped darts
Armour
 b - a +0 robe (worn)
 c - a +0 cloak (worn)
Jewellery
 i - a ring of poison resistance (left hand)
 m - a ring of fire
Scrolls
 h - a scroll of fog
 j - a scroll of enchant weapon
 s - a scroll of teleportation
 u - a scroll of enchant armour {unknown}
Potions
 f - 2 potions of berserk rage
 g - 2 potions of might {unknown}
 k - 2 potions of curing {unknown}
 l - a potion of resistance {unknown}
 n - 2 potions of ambrosia {unknown}
 o - a potion of flight {unknown}
 p - a potion of mutation {unknown}
 q - 2 potions of heal wounds {unknown}
 t - a potion of brilliance {unknown}


   Skills:
 * Level 2.0 Fighting
 + Level 2.4 Short Blades
 + Level 2.2 Throwing
 * Level 2.1 Dodging
 * Level 8.0 Stealth


You had 3 spell levels left.
You didn't know any spells.
Your spell library contained the following spells:

 Spells                   Type           Power      Damage    Failure   Level
 Apportation              Tloc           0%         N/A       32%         1
 Beastly Appendage        Tmut           0%         N/A       32%         1
 Wereblood                Tmut           0%         N/A       45%         2
 Spider Form              Tmut/Pois      0%         N/A       69%         3
 Alistair's Intoxication  Tmut/Pois      0%         N/A       100%        5


Dungeon Overview and Level Annotations

Branches:
Dungeon (4/15)
 Temple: D:4-7

Altars:

Shops:
D:1 [


Innate Abilities, Weirdness & Mutations

You are very small and have problems with some larger weapons.
You are too small for most types of armour.
You have supernaturally acute eyesight. (SInv)
You cover ground extremely quickly. (Speed+++)


Message History

There is a stone staircase leading down here.
An orc comes into view. It is wielding a +0 whip.
You see here a poisoned dart.
You see here a poisoned dart.
d - 6 poisoned darts (gained 1)
An orc comes into view. It is wielding a +0 whip.
You see here a poisoned dart.
An orc comes into view. It is wielding a +0 dagger.
An orc priest comes into view.
It is wielding a +1 flail of holy wrath.
The orc moves out of view.
The orc shouts!
The orc priest shouts!
You hit the orc but do no damage.
You hear a shout!
The orc closely misses you.
The orc priest looks encouraged for a moment.
Unknown command.
Throw: 6 darts (poison)
Press: ? - help, Q - select action, (/) - cycle Shift-Dir - straight line, f - orc
Aim: an orc, wielding a +0 whip and wearing a +0 leather armour (63% to hit)
You throw a poisoned dart. The poisoned dart hits the orc.
The orc is poisoned.
The orc completely misses you.
Unknown command.
Things that are here:
a +0 spear; a poisoned dart; a gnoll corpse You see here a poisoned dart.
d - 6 poisoned darts (gained 1)
The orc priest mumbles some strange prayers to Beogh against you.
Beogh smites you!
You see here a poisoned dart.
d - 7 poisoned darts (gained 1)
You see here a poisoned dart.
d - 8 poisoned darts (gained 1)
The orc looks more healthy.
The gnoll shoots a sling bullet.
The sling bullet closely misses you.
Found 2 silvery potions.
The gnoll shoots a sling bullet.
The sling bullet hits you.
The orc priest calls down the wrath of Beogh upon you.
Beogh smites you!
Ouch! That really hurt!
You die...

#.# ##. ## #.# #.# . ..!
.##.# #.. #. #.. .#.#
#.## ... #.. #..# #..
#...#.. #..# #.# # .....
###..#######.#
.#...#..##......>.>)..#
.........@.o..o.o(..####
....#.#...#.#####...#
......)...#.# #...#
....#.#..J#g#####o....#
......g............##.#
...<.#.............## .#
#..............o#.## #
#.....#.###.##.#.##
##... ##.##.##....###.


You could see an orc priest, a gnoll, 2 orcs and an endoplasm.

Vanquished Creatures
  2 gnolls (D:3)
  4 worms (D:2)
  2 dart slugs
  4 bats
  5 endoplasms
  5 giant cockroaches
  7 goblins
  6 hobgoblins
  A quokka (D:2)
  6 ball pythons
  A frilled lizard (D:2)
  6 kobolds
  5 rats
54 creatures vanquished.

Notes
Turn   | Place    | Note
-------+----------+-------------------------------------------
     0 | D:1      | styxcanada the Spriggan Brigand began the quest for the
                  | Orb.
     0 | D:1      | Reached XP level 1. HP: 10/10 MP: 2/2
    63 | D:1      | Reached skill level 6 in Stealth
   107 | D:1      | Reached XP level 2. HP: 8/14 MP: 3/3
   409 | D:1      | Found Paox's Armour Shoppe.
   466 | D:1      | Reached skill level 7 in Stealth
  1288 | D:1      | Reached XP level 3. HP: 17/18 MP: 4/4
  2654 | D:2      | You fall into a shaft and drop 2 floors!
  2709 | D:4      | Noticed a phantom
  2932 | D:3      | Reached XP level 4. HP: 23/23 MP: 5/5
  3017 | D:3      | Reached skill level 8 in Stealth
  3042 | D:3      | Killed from afar by an orc priest

Illustrated notes

Levels and vault maps discovered:
D:1:      noname_arrival_rooms_in_the_neighbourhood, layout_basic, serial_shops,
          shop, minmay_nonomino_d4
D:2:      layout_rooms, chequers_serial_rivers_large_a
D:3:      layout_loops_ring, gup_sewer_entry_glass
D:4:      layout_loops_ring, kennysheep_little_box, minmay_tree_intersection,
          serial_park_tiny_pond, uniq_natasha

Skill      XL: |  1  2  3  4 |
---------------+-------------+-----
Stealth        | 6 7 8 |  8.0
Dodging        | 2 |  2.1
Fighting       | 2 |  2.0
Short Blades   | |  2.4
Throwing       | |  2.2

Action                   |  1- 3 |  4- 6 || total
-------------------------+-------+-------++-------
Melee: Dagger            |   114 |     7 ||   121
Throw: Dart              |    35 |     9 ||    44
  Use: Scroll            |     5 |       ||     5
 Stab: Sleeping          |    15 |     3 ||    18
       Distracted        |     1 |       ||     1
Armor: Robe              |    17 |       ||    17
Dodge: Dodged            |    68 |     5 ||    73
